AoeStats
← Leo31

Arabia

510195930Analyzed
2v2 RM · 1d ago on Sep 29, 2026· 26m 18s· 4 players
Game mode
Random Map
Map size
Medium (4 player)
Population
200
Speed
Normal
Resources
Standard
Victory
Conquest
Starting age
Dark Age
Ending age
Imperial Age
RankedLock teamsTeams togetherTeam positionsShared explorationLock speedFull tech treeHidden civsTurbo modeCheats
Victory
Defeat
🇵🇾 Persians · Paraguay
1355
+15
🇵🇾 Italians · Paraguay
1277
+19
🇨🇴 Inca · Colombia
1341
-17
🇨🇴 Magyars · Colombia
1340
-17
Garcheke514_
4:38 Loom
9:41 Feudal Age
10:45 Double-Bit Axe
18:00 Fletching
18:41 Padded Archer Armor
23:03 Castle Age
21:27 Horse Collar
24:22 Wheelbarrow
23:24 Crossbowman
24:02 Bodkin Arrow
24:49 Leather Archer Armor
DonNarko
8:49 Feudal Age
8:41 Loom
9:13 Double-Bit Axe
10:17 Horse Collar
14:26 Wheelbarrow
20:23 Castle Age
19:24 Scale Barding Armor
19:30 Forging
19:31 Bloodlines
20:20 Gold Mining
21:35 Chain Barding Armor
eiage12
6:26 Loom
9:41 Feudal Age
10:11 Horse Collar
10:18 Double-Bit Axe
14:16 Fletching
18:48 Padded Archer Armor
24:35 Castle Age
25:12 Bodkin Arrow
24:38 Crossbowman
Leo31
6:20 Loom
6:26 Loom
9:24 Feudal Age
11:19 Double-Bit Axe
14:19 Horse Collar
16:56 Town Watch
17:50 Wheelbarrow
20:21 Scale Barding Armor
24:19 Castle Age
24:22 Light Cavalry
25:09 Husbandry
25:31 Chain Barding Armor
25:22 Bloodlines
Connection lost

Rejoining the realm…

Still unreachable

The connection could not be restored.

Session expired

The server has moved on; the page needs a fresh start.